 Dungeon Crawl Stone Soup version 0.19-a0-736-g3ff4acb (webtiles) character file.

9020 scalarboson the Archer (level 11, -17/69 HPs)
             Began as a High Elf Hunter on June 22, 2016.
             Was a High Priest of Ru.
             Demolished by a red ugly thing (18 damage)
             ... on level 11 of the Dungeon.
             The game lasted 00:51:29 (9564 turns).

scalarboson the Archer (High Elf Hunter)            Turns: 9564, Time: 00:51:30

Health: -17/69     AC: 16    Str:  9    XL:     11   Next: 17%
Magic:  0/15       EV: 19    Int: 16    God:    Ru [*****.]
Gold:   510        SH:  0    Dex: 21    Spells: 1 memorised, 8 levels left

rFire  . . .     SeeInvis +     w - +2 flail (protect)
rCold  . . .     Gourm    .     q - +4 moon troll leather armour {Spirit, Regen++ MP+5}
rNeg   + . .     Faith    .     (no shield)
rPois  .         Spirit   +     Q - +0 helmet
rElec  .         Dismiss  .     n - +0 cloak
rCorr  .         Reflect  .     (no gloves)
SustAt .         Harm     .     (no boots)
MR     +....                    (no amulet)
Stlth  ++++......               h - ring of positive energy
                                j - ring of see invisible

@: somewhat resistant to hostile enchantments, stealthy
A: clever 1, low mp 1, weak 1, inability to use devices, hated by all, no earth
magic, no necromancy magic, no summoning magic
a: Draw Out Power, Power Leap, Apocalypse, Renounce Religion


You were on level 11 of the Dungeon.
You worshipped Ru.
Ru was extremely pleased with you.
You were not hungry.

You visited 2 branches of the dungeon, and saw 12 of its levels.

You collected 510 gold pieces.

Inventory:

Hand Weapons
 a - a +5 shortbow
 b - a +0 short sword
 c - a +1 war axe
 u - a +3 morningstar
 w - a +2 flail of protection (weapon)
 z - a cursed +1 scimitar
 F - a +1 scimitar
 G - a cursed +3 short sword
 H - a +3 spear
 I - a +1 vampiric whip
 K - a +3 dire flail
 N - a +1 morningstar
 O - a cursed +2 scimitar of freezing
 R - a +3 short sword
Missiles
 d - 27 arrows
Armour
 g - a +2 helmet
 n - a +0 cloak (worn)
 q - the +4 moon troll leather armour (worn) {Spirit, Regen++ MP+5}
   (You found it on level 4 of the Dungeon)

   It affects your magic capacity (+5).
   It increases your rate of regeneration.
 J - a +2 robe of fire resistance
 Q - a +0 helmet (worn)
Jewellery
 h - a ring of positive energy (right hand)
 j - a ring of see invisible (left hand)
 y - an uncursed amulet of magic regeneration {unknown}
 C - a cursed ring of teleportation {unknown}
 P - an uncursed ring of protection from cold {unknown}
 S - a cursed -3 ring of strength {unknown}
Scrolls
 e - 5 scrolls of teleportation
 o - 3 scrolls of fear
 t - a scroll of blinking
 x - a scroll of amnesia
 M - a scroll of magic mapping
Potions
 k - 3 potions of curing
 m - 3 potions of haste
 p - 2 potions of cure mutation
 r - a potion of flight
 E - a potion of ambrosia
Books
 i - a book of Changes

   Spells                             Type                      Level
   a - Beastly Appendage              Transmutation                1
   b - Sticks to Snakes               Transmutation                2
   c - Spider Form                    Transmutation/Poison         3
   d - Ice Form                       Ice/Transmutation            4
   e - Blade Hands                    Transmutation                5
 s - a book of Conjurations

   Spells                             Type                      Level
   a - Magic Dart                     Conjuration                  1
   b - Searing Ray                    Conjuration                  2
   c - Dazzling Spray                 Conjuration/Hexes            3
   d - Fulminant Prism                Conjuration/Hexes            4
   e - Iskenderun's Mystic Blast      Conjuration                  4
   f - Iskenderun's Battlesphere      Conjuration/Charms           5
 B - a book of Battle

   Spells                             Type                      Level
   a - Infusion                       Charms                       1
   b - Shroud of Golubria             Charms/Translocation         2
   c - Song of Slaying                Charms                       2
   d - Spectral Weapon                Hexes/Charms                 3
   e - Regeneration                   Charms/Necromancy            3
Comestibles
 f - 10 bread rations
 l - 7 fruits
 v - 2 royal jellies
 D - 8 slices of pizza
 L - 3 beef jerkies


   Skills:
 + Level 4.2 Fighting
 + Level 2.0 Short Blades
 + Level 2.8(3.7) Axes
 * Level 3.7(4.2) Maces & Flails
 * Level 14.3 Bows
 * Level 5.3 Armour
 * Level 8.8 Dodging
 * Level 7.3 Stealth


You had 8 spell levels left.
You knew the following spells:

 Your Spells              Type           Power        Failure   Level  Hunger
a - Sticks to Snakes      Tmut           #.......     52%         2    ###....


Dungeon Overview and Level Annotations

Branches:
Dungeon (11/15)            Temple (0/1) D:5            Lair (1/6) D:9
    Orc (0/2) D:9

Altars:
Dithmenos
Fedhas
Gozag
Hepliaklqana
Kikubaaqudgha
Makhleb
Ru
Sif Muna
Uskayaw
Vehumet
Xom
Yredelemnul
Zin
The Shining One

Annotations:
Lair:1 Joseph


Innate Abilities, Weirdness & Mutations

Your magical capacity is low. (-10% MP)
You are weak. (Str -2)
You cannot study or use magical devices.
You are hated by all.
You cannot study or cast Earth magic.
You cannot study or cast Necromancy magic.
You cannot study or cast Summoning magic.
Your mind is acute. (Int +2)


Message History

You hit the red ugly thing but do no damage.
The red ugly thing is heavily wounded.
The red ugly thing completely misses you.
You hit the red ugly thing.
The red ugly thing is severely wounded.
The red ugly thing closely misses you.
You feel better.
The red ugly thing stops glowing.
The red ugly thing completely misses you.
You hit the red ugly thing.
The red ugly thing is severely wounded.
The red ugly thing engulfs you.
You are engulfed in flames!!
You barely miss the red ugly thing.
The red ugly thing is severely wounded.
The red ugly thing engulfs you!
You are engulfed in flames!
* * * LOW HITPOINT WARNING * * *
The red ugly thing engulfs you but does no damage.
The red ugly thing engulfs you!
* * * LOW HITPOINT WARNING * * *
You are engulfed in flames!!
You die...

.# #.# #..# #.#.#
.#####.###..####.#.#
.................#.#
##>#.#.......<.....#
#...........##....(#
#..#.#.####.##....#####
#......# #..##......?.#
#.##.#.# #.###..#####.#
#.##.#.###.###..@.# #.#
#.##.#........[.#u# #.#
......####.###....# #.#
####............#####.#
........[.............#
##################.####
#.# ..# ####


You could see a red ugly thing.

Vanquished Creatures
  2 hill giants (D:10)
  A centaur skeleton (D:11)
  Grinder (D:5)
  A two-headed ogre (D:9)
  A blink frog (D:9)
  A human (D:9)
  5 yaks
  A hippogriff (D:10)
  Edmund (D:6)
  A water moccasin (D:8)
  A soldier ant (D:11)
  A black bear (D:11)
  An orc warrior (D:6)
  2 ice beasts
  4 phantoms
  5 necrophages (D:10)
  7 ogres
  A centaur (D:7)
  A crocodile (D:9)
  4 giant frogs
  5 big kobolds
  A wyvern zombie (D:10)
  6 scorpions
  A howler monkey (D:9)
  21 wights
  3 crimson imps
  A giant frog zombie (D:10)
  2 jellies
  3 centaur zombies
  A hound (D:5)
  4 orc priests
  A giant frog skeleton (D:10)
  10 orc wizards
  Jessica (D:3)
  5 iguanas
  7 worker ants
  A killer bee zombie (D:10)
  3 sheep (D:9)
  2 hound zombies
  A hound skeleton (D:6)
  A howler monkey zombie (D:10)
  2 worker ant zombies
  4 gnolls (D:9)
  8 river rats (Lair:1)
  8 adders
  A shadow imp (D:10)
  An adder skeleton (D:7)
  3 worms
  A dart slug (D:1)
  5 giant geckos
  36 orcs
  3 giant cockroaches
  4 goblins
  5 hobgoblins
  9 jackals
  28 kobolds
  A quokka (D:3)
  3 ball pythons
  9 bats
  5 giant newts
  A quokka skeleton (D:6)
  A quokka zombie (D:7)
  4 rats
264 creatures vanquished.

Vanquished Creatures (others)
  A yak (Lair:1)
  2 orc warriors
  An orc wizard (D:4)
  A hound zombie (D:9)
  An orc (D:9)
  A kobold (D:10)
  A quokka (D:6)
  5 bushes (D:10)
  11 plants (D:10)
24 creatures vanquished.

Grand Total: 288 creatures vanquished

Notes
Turn   | Place    | Note
--------------------------------------------------------------
     0 | D:1      | scalarboson the High Elf Hunter began the quest for the Orb.
     0 | D:1      | Reached XP level 1. HP: 14/14 MP: 2/2
   238 | D:1      | Reached XP level 2. HP: 19/19 MP: 3/3
   323 | D:1      | Reached skill level 6 in Bows
   677 | D:2      | Reached XP level 3. HP: 24/24 MP: 4/4
   869 | D:2      | Found a faded altar of an unknown god.
   979 | D:2      | Became a worshipper of Ru the Awakened
   983 | D:2      | Gained mutation: You cannot study or use magical devices. [Ru sacrifice]
   983 | D:2      | Reached * piety under Ru
   983 | D:2      | Reached ** piety under Ru
   983 | D:2      | Reached *** piety under Ru
  1158 | D:2      | Found a hazy altar of Hepliaklqana.
  1222 | D:2      | Learned a level 2 spell: Sticks to Snakes
  1224 | D:3      | Found a shadowy altar of Dithmenos.
  1322 | D:3      | Found a glowing silver altar of Zin.
  1371 | D:3      | Reached skill level 7 in Bows
  1464 | D:3      | Reached XP level 4. HP: 24/29 MP: 5/5
  1469 | D:3      | Found an ancient bone altar of Kikubaaqudgha.
  1531 | D:3      | Noticed Jessica
  1531 | D:3      | Killed Jessica
  1821 | D:4      | Found a basalt altar of Yredelemnul.
  1864 | D:4      | Reached XP level 5. HP: 30/34 MP: 6/6
  1868 | D:4      | Reached skill level 8 in Bows
  2449 | D:4      | Reached skill level 9 in Bows
  2449 | D:4      | Reached XP level 6. HP: 31/39 MP: 7/7
  2465 | D:4      | Reached skill level 1 in Armour
  2589 | D:4      | Gained mutation: You cannot study or cast Earth magic. [Ru sacrifice]
  2589 | D:4      | Gained mutation: You cannot study or cast Necromancy magic. [Ru sacrifice]
  2589 | D:4      | Gained mutation: You cannot study or cast Summoning magic. [Ru sacrifice]
  2589 | D:4      | Reached **** piety under Ru
  2801 | D:5      | Entered Level 5 of the Dungeon
  3061 | D:5      | Found a staircase to the Ecumenical Temple.
  3082 | D:5      | Noticed Grinder
  3089 | D:5      | Killed Grinder
  3089 | D:5      | Reached skill level 10 in Bows
  3089 | D:5      | Reached XP level 7. HP: 45/45 MP: 8/8
  3698 | D:6      | Reached skill level 11 in Bows
  3813 | D:6      | Reached XP level 8. HP: 51/51 MP: 9/9
  3902 | D:6      | Noticed a dagger
  3902 | D:6      | Noticed a hand axe
  3904 | D:6      | Found a hide-covered altar of Uskayaw.
  4284 | D:6      | Gained mutation: Your magical capacity is low. (-10% MP) [Ru sacrifice]
  4284 | D:6      | Reached ***** piety under Ru
  4320 | D:6      | Noticed Edmund
  4325 | D:6      | Killed Edmund
  4325 | D:6      | Reached skill level 12 in Bows
  4474 | D:6      | Found a glowing silver altar of Zin.
  4713 | D:7      | Found a glowing golden altar of the Shining One.
  4978 | D:7      | Reached skill level 5 in Dodging
  5145 | D:7      | Reached skill level 1 in Short Blades
  5145 | D:7      | Reached XP level 9. HP: 50/55 MP: 9/9
  5188 | D:7      | Reached skill level 5 in Stealth
  5784 | D:8      | Reached skill level 13 in Bows
  6492 | D:8      | Found a burning altar of Makhleb.
  6979 | D:9      | Found a staircase to the Lair.
  7024 | D:9      | Reached skill level 1 in Axes
  7024 | D:9      | Reached skill level 1 in Maces & Flails
  7146 | Lair:1   | Entered Level 1 of the Lair of Beasts
  7240 | Lair:1   | Reached XP level 10. HP: 52/63 MP: 10/10
  7320 | Lair:1   | Gained mutation: You are weak. (Str -2) [Ru sacrifice]
  7379 | Lair:1   | Noticed Joseph
  7381 | Lair:1   | Noticed a spiny frog
  7389 | Lair:1   | Noticed a black mamba
  7404 | Lair:1   | Noticed an eight-headed hydra
  7555 | D:9      | Found a staircase to the Orcish Mines.
  7762 | D:9      | Found a shimmering altar of Xom.
  7763 | D:9      | Found a radiant altar of Vehumet.
  7763 | D:9      | Found a deep blue altar of Sif Muna.
  7763 | D:9      | Found an opulent altar of Gozag.
  7764 | D:9      | Found a sacrificial altar of Ru.
  7845 | D:9      | Found a blossoming altar of Fedhas.
  8000 | D:9      | Found a sacrificial altar of Ru.
  8172 | D:10     | Entered Level 10 of the Dungeon
  8189 | D:10     | Noticed a hill giant
  8204 | D:10     | Killed a hill giant
  8352 | D:10     | Reached skill level 5 in Armour
  8446 | D:10     | Gained mutation: Your mind is acute. (Int +2) [potion of beneficial mutation]
  8561 | D:10     | Noticed a hill giant
  8594 | D:10     | Killed a hill giant
  8842 | D:10     | Found a blossoming altar of Fedhas.
  8892 | D:10     | Reached skill level 14 in Bows
  9176 | D:10     | Reached XP level 11. HP: 67/69 MP: 10/10
  9430 | D:11     | Gained mutation: You are hated by all. [Ru sacrifice]
  9489 | D:11     | Noticed a red ugly thing
  9564 | D:11     | HP: 1/69 [red ugly thing (9)]
  9564 | D:11     | Demolished by a red ugly thing

Vault maps used:
D:1:      saegor_arrival_miasma
D:2:      marbit_many_paths, first_bread, ecumenical_altar_1
D:3:      zin_scriptorium, kiku_gazebo_garden_becter, minmay_misc_feat_pillars,
          grunt_dithmenos_smoke_and_mirrors, uniq_jessica
D:4:      yredelemnul_altar_generic, serial_park, serial_park_square1
D:5:      uniq_grinder
D:6:      dancing_weapons_uskayaw, basic_altar, uniq_edmund
D:7:      old_standard_altar
D:8:      overflow_temple_1_default, grunt_ministairs_11
D:9:      grunt_temple_overflow_open, dpeg_lair_monsters, david_orc_2,
          basic_altar, grunt_livestock, nicolae_ru_the_path_less_chosen
D:10:     fedhas_altar_decomposition
D:11:     minivault_11
Lair:1:   lemuel_fruit_fields, grunt_megastairs_2, uniq_joseph

Skill      XL: |  1  2  3  4  5  6  7  8  9 10 |
---------------+-------------------------------+-----
Bows           | 6 7 9 10 11 12 13 14 | 14.3
Armour         | 2 3 4 5 |  5.3
Dodging        | 3 5 7 8 |  8.8
Stealth        | 2 3 4 5 7 |  7.3
Short Blades   | 1 2 |  2.0
Axes           | 1 2 |  2.8
Maces & Flails | 1 3 |  3.7
Fighting       | 3 4 |  4.2

Action                   |  1- 3 |  4- 6 |  7- 9 | 10-12 || total
-------------------------+-------+-------+-------+-------++-------
Melee: Shortbow          |       |     1 |       |       ||     1
       Short sword       |       |       |   114 |       ||   114
       Battleaxe         |       |       |   126 |   153 ||   279
       Flail             |       |       |    12 |   255 ||   267
 Fire: Shortbow          |    83 |   154 |   278 |   106 ||   621
Invok: Sacrifice Artific |     1 |       |       |       ||     1
       Power Leap        |       |     1 |     1 |     1 ||     3
       Sacrifice Arcana  |       |     1 |       |       ||     1
       Apocalypse        |       |       |     2 |       ||     2
       Sacrifice Essence |       |       |     1 |       ||     1
       Sacrifice Purity  |       |       |       |     1 ||     1
       Sacrifice Love    |       |       |       |     1 ||     1
  Use: Scroll            |     5 |     6 |     1 |     8 ||    20
       Potion            |     3 |     5 |     3 |     7 ||    18
 Stab: Invisible         |       |       |     4 |     7 ||    11
       Distracted        |       |       |     1 |     4 ||     5
       Paralysed         |       |       |     3 |       ||     3
       Sleeping          |       |       |     2 |     8 ||    10
  Eat: Meat ration       |       |     1 |     3 |     2 ||     6
       Beef jerky        |       |       |     1 |       ||     1
Armor: Leather armour    |     6 |    19 |       |       ||    25
       Skin              |     1 |       |       |       ||     1
       Troll leather arm |       |    17 |    86 |   134 ||   237
Dodge: Dodged            |    15 |    42 |   262 |   367 ||   686
